[Event "Titled Tuesday Blitz November 2 2021"]
[White "Nakamura, Hikaru"]
[Black "Cunjalo, Faris"]
[WhiteFideId "2016192"]
[BlackFideId "14410710"]
[WhiteElo "2884"]
[BlackElo "2234"]
[Result "1-0"]
[Round "05"]
[TimeControl "180+1"]
[Date "2021.11.02"]
[WhiteClock "0:00:35"]
[BlackClock "0:00:01"]

1. Nf3 d5 2. e3 Nf6 3. c4 e6 4. b3 b6 5. Bb2 Bb7 6. cxd5 exd5 7. d4 Nbd7 8. Nc3 a6 9. g3 Bd6 10. Bg2 O-O 11. O-O Re8 12. Rc1 Qe7 13. Ne1 Ne4 14. Nd3 h6 15. Ne2 a5 16. a4 Ba6 17. Re1 Ndf6 18. f3 Ng5 19. Nef4 Ne6 20. Nh3 c5 21. e4 dxe4 22. fxe4 Nxd4 23. Bxd4 cxd4 24. e5 Bxd3 25. Qxd3 Bxe5 26. Bxa8 Rxa8 27. Qf5 Nd7 28. Rc7 Qb4 29. Rxe5 Nxe5 30. Qxe5 Qxb3 31. Qxd4 Re8 32. Qc4 Qd1+ 33. Kg2 Qe2+ 34. Nf2 Qxc4 35. Rxc4 Rb8 36. Rc2 b5 37. Rb2 b4 38. Ne4 Rc8 39. Kf3 f5 40. Nd6 Rc3+ 41. Kf4 Ra3 42. Kxf5 Kh7 43. Ke5 Rxa4 44. Kd5 Ra1 45. Nc4 Kg6 46. Ke4 Kg5 47. Kf3 Kf5 48. Re2 Ra2 49. Rxa2 1-0


[Site "https://www.chess.com"]

[Event "Titled Tuesday Blitz November 2 2021"]
[White "Nesterov, Arseniy"]
[Black "Viani Antonio Dcunha"]
[WhiteFideId "24198455"]
[BlackFideId "5027330"]
[WhiteElo "2494"]
[BlackElo "2366"]
[Result "1-0"]
[Round "05"]
[TimeControl "180+1"]
[Date "2021.11.02"]
[WhiteClock "0:00:13"]
[BlackClock "0:00:16"]

1. d4 Nf6 2. c4 g6 3. Nc3 Bg7 4. e4 d6 5. Be2 O-O 6. Be3 e5 7. d5 a5 8. g4 Na6 9. h4 Nc5 10. f3 c6 11. h5 cxd5 12. cxd5 a4 13. Qd2 Qa5 14. Nh3 Bd7 15. Nf2 b5 16. Ncd1 Qxd2+ 17. Bxd2 Rfc8 18. Nd3 Nxd3+ 19. Bxd3 Rab8 20. Bb4 Ne8 21. Nc3 Bf8 22. hxg6 hxg6 23. Ke2 Kg7 24. Rh2 Be7 25. Rah1 Kf6 26. Rh7 Bf8 27. g5+ Ke7 28. f4 exf4 29. e5 Bg7 30. Rxg7 Nxg7 31. Bxd6+ Kd8 32. Rh8+ Ne8 33. Bxb8 Rxb8 34. Ne4 Bf5 35. Nf6 Ke7 36. Bxf5 gxf5 37. d6+ 1-0


[Site "https://www.chess.com"]

[Event "Titled Tuesday Blitz November 2 2021"]
[White "Nyudleev, Dolgan"]
[Black "Petesch, Gabriel"]
[WhiteFideId "4198360"]
[BlackFideId "2032465"]
[WhiteElo "2354"]
[BlackElo "2374"]
[Result "1-0"]
[Round "05"]
[TimeControl "180+1"]
[Date "2021.11.02"]
[WhiteClock "0:00:07"]
[BlackClock "0:00:11"]

1. e4 c5 2. Nf3 e6 3. c3 d5 4. exd5 Qxd5 5. d4 Nc6 6. Be2 Nf6 7. Na3 Be7 8. Nb5 Qd8 9. dxc5 Bxc5 10. Qxd8+ Kxd8 11. Bg5 a6 12. Rd1+ Ke7 13. Nbd4 Bd7 14. O-O Rhd8 15. Nxc6+ Bxc6 16. Ne5 Bd5 17. c4 Be4 18. Bd3 Bxd3 19. Nxd3 Ba7 20. b3 h6 21. Bf4 Ne4 22. Rfe1 Rxd3 23. Rxd3 Nxf2 24. Rd2 Nd3+ 25. Kf1 Nxe1 26. Kxe1 Bc5 27. Ke2 a5 28. Be5 f6 29. Bc3 b6 30. Kf3 Rd8 31. Rxd8 Kxd8 32. Kg4 Ke7 33. Kh5 Kf7 34. Bb2 Bg1 35. h3 Bc5 36. Kg4 g6 37. a3 e5 38. Kf3 Ke6 39. g4 f5 40. Bc1 h5 41. Bb2 Bd6 42. gxh5 gxh5 43. Bc1 e4+ 44. Ke3 Be7 45. Kf4 Bf6 46. Be3 Be5+ 47. Kg5 Bb2 48. Bxb6 Bc1+ 49. Kxh5 e3 50. Kh4 e2 51. Bxa5 Bxa3 52. Kg3 Bc5 53. Kf3 Ke5 54. Kxe2 Ke4 55. b4 Be7 56. b5 Kd4 57. b6 Kxc4 58. b7 Bd6 59. Bb6 Kb5 60. Ba7 Kc6 61. b8=Q Bxb8 62. Bxb8 Kd5 63. Kf3 Ke6 64. Kf4 Kf7 65. Be5 Kg6 66. Kg3 Kh5 67. Bf4 Kg6 68. Kh4 Kh7 69. Kg5 Kh8 1-0


[Site "https://www.chess.com"]

[Event "Titled Tuesday Blitz November 2 2021"]
[White "Ozen, Bahadir"]
[Black "Nazaretyan, Tigran"]
[WhiteFideId "6337058"]
[BlackFideId "24162345"]
[WhiteElo "2503"]
[BlackElo "2187"]
[Result "1-0"]
[Round "05"]
[TimeControl "180+1"]
[Date "2021.11.02"]
[WhiteClock "0:00:23"]
[BlackClock "0:00:02"]

1. g3 d5 2. Nf3 Nc6 3. d4 Bg4 4. Bg2 Qd7 5. h3 Bf5 6. c3 h6 7. Bf4 g5 8. Be3 O-O-O 9. Nbd2 f6 10. b4 e6 11. a3 h5 12. c4 Nge7 13. Rc1 Kb8 14. Nb3 dxc4 15. Nc5 Qc8 16. Rxc4 Nd5 17. Nd2 e5 18. dxe5 Nxe5 19. Rc1 Nxe3 20. fxe3 Bxc5 21. Rxc5 Rh7 22. Qc1 c6 23. Nb3 Rhd7 24. Nd4 Rxd4 25. exd4 Rxd4 26. Qe3 Qd7 27. O-O Nc4 28. Qc3 Be6 29. Rxf6 Rd1+ 30. Kh2 h4 31. Rxe6 Qxe6 32. Rxc4 Qxe2 33. Re4 Qf2 34. Qe5+ Kc8 35. Qe8+ Rd8 36. Qe6+ Rd7 37. gxh4 gxh4 38. Rg4 Kc7 39. Qe5+ Kc8 40. Rg8+ Rd8 41. Rg7 Qb6 42. a4 1-0


[Site "https://www.chess.com"]

[Event "Titled Tuesday Blitz November 2 2021"]
[White "Palchuk, Andrii"]
[Black "Babazada, Khazar"]
[WhiteFideId "14176688"]
[BlackFideId "13413554"]
[WhiteElo "2322"]
[BlackElo "2302"]
[Result "0-1"]
[Round "05"]
[TimeControl "180+1"]
[Date "2021.11.02"]
[WhiteClock "0:00:02"]
[BlackClock "0:00:41"]

1. d4 Nf6 2. c4 e6 3. g3 Bb4+ 4. Bd2 Qe7 5. Nf3 O-O 6. Bg2 b6 7. O-O Bb7 8. Qb3 Bxd2 9. Nbxd2 d6 10. Rac1 Nbd7 11. Rfd1 Rad8 12. Qc2 Rfe8 13. e4 e5 14. d5 c6 15. Nb1 cxd5 16. cxd5 Rc8 17. Nc3 a6 18. Qe2 Rc5 19. Ne1 Rec8 20. Nd3 Rc4 21. Nb1 b5 22. b3 R4c7 23. Qd2 Ne8 24. Rxc7 Rxc7 25. Rc1 Nc5 26. Nb4 Nf6 27. f3 h6 28. Bf1 a5 29. Nd3 Nxd3 30. Bxd3 b4 31. a3 bxa3 32. Nxa3 Qd8 33. Nc4 Rc5 34. Ra1 Ba6 35. b4 Rxc4 36. Bxc4 Bxc4 37. bxa5 Ba6 38. Rc1 Nd7 39. f4 exf4 40. gxf4 Nc5 41. Rxc5 dxc5 42. e5 c4 43. d6 Qd7 44. Kf2 Kh7 45. Qc2+ g6 46. Qe4 c3 47. Ke1 Qb5 48. d7 Qxd7 49. f5 Qd2# 0-1


[Site "https://www.chess.com"]

[Event "Titled Tuesday Blitz November 2 2021"]
[White "Petrovskyi, Vadym"]
[Black "Bortnyk, Olexandr"]
[WhiteFideId "14165210"]
[BlackFideId "14120828"]
[WhiteElo "2334"]
[BlackElo "2723"]
[Result "0-1"]
[Round "05"]
[TimeControl "180+1"]
[Date "2021.11.02"]
[WhiteClock "0:00:01"]
[BlackClock "0:00:28"]

1. e4 Nf6 2. e5 Nd5 3. d4 d6 4. Nf3 dxe5 5. Nxe5 c6 6. Be2 Bf5 7. O-O Nd7 8. Nf3 e6 9. c4 N5f6 10. Nc3 Bd6 11. Re1 O-O 12. h3 Ne4 13. Bd3 Nxc3 14. bxc3 Bxd3 15. Qxd3 Qa5 16. c5 Bc7 17. Bg5 Rfe8 18. Nd2 b6 19. Qf3 bxc5 20. Qxc6 cxd4 21. Qxd7 Qxg5 22. Qxc7 Qxd2 23. cxd4 Qxd4 24. Rad1 Qb4 25. Re3 Rec8 26. Qe5 Rd8 27. Rde1 g6 28. Re4 Qd2 29. h4 Rd5 30. Qg3 Qxa2 31. Rf4 Rad8 32. Qf3 R8d7 33. Rc1 Qb2 34. Rc8+ Kg7 35. Kh2 Qe5 36. g3 h5 37. Re4 Qb2 38. Rf4 a5 39. Qe3 Qb7 40. Qc3+ e5 41. Re4 Re7 42. Rec4 Rd1 43. R4c6 Qb1 44. Qf3 f5 45. R6c7 Rdd7 46. Qc6 Qd3 47. Qc5 Qd4 48. Qc6 Qxf2+ 49. Kh1 Rd1# 0-1


[Site "https://www.chess.com"]

[Event "Titled Tuesday Blitz November 2 2021"]
[White "Pichot, Alan"]
[Black "Terry, Renato"]
[WhiteFideId "110973"]
[BlackFideId "3803457"]
[WhiteElo "2600"]
[BlackElo "2577"]
[Result "1/2-1/2"]
[Round "05"]
[TimeControl "180+1"]
[Date "2021.11.02"]
[WhiteClock "0:00:07"]
[BlackClock "0:00:03"]

1. e4 e6 2. d4 d5 3. Nc3 Nf6 4. e5 Nfd7 5. f4 c5 6. Nf3 Nc6 7. Be3 Be7 8. a3 O-O 9. dxc5 Nxc5 10. Be2 b6 11. O-O Bb7 12. Qe1 f5 13. exf6 Bxf6 14. Bb5 Rc8 15. Bxc6 Rxc6 16. Bd4 a6 17. Rd1 Bxd4+ 18. Nxd4 Rd6 19. Qe5 Qd7 20. h3 Ne4 21. Kh2 Nxc3 22. bxc3 g6 23. Rde1 Bc8 24. g4 b5 25. Re3 Rb6 26. h4 Qg7 27. Kg3 Qxe5 28. Rxe5 Bd7 29. h5 Rc8 30. Rf3 Kf7 31. Kh4 Kf6 32. Rfe3 a5 33. Kg3 Rc4 34. f5 gxf5 35. gxf5 exf5 36. Rxd5 Bc8 37. Kf4 b4 38. axb4 axb4 39. cxb4 Rbxb4 40. Rd6+ Kf7 41. c3 Rb7 42. Kg5 Rbc7 43. Nf3 Rg4+ 44. Kh6 Re4 45. Ng5+ Ke7 46. Nxe4 fxe4 47. Rd5 Bb7 48. Rxe4+ Kf6 49. Rf4+ Ke6 50. Rg5 Ba6 51. Rg7 Rc5 52. Rxh7 Bd3 53. Rg7 Rc8 54. Rg6+ Ke5 55. Rf7 Rh8+ 56. Rh7 Rc8 57. Rd7 Bf5 58. Re7+ Kd5 59. Rg5 Kd6 60. Rxf5 Kxe7 61. Rf3 Rc5 62. Kg6 Rc6+ 63. Kg7 Rc4 64. h6 Rg4+ 65. Kh7 Ke6 66. Rf8 Ke7 67. Rg8 Rc4 68. Rg3 Kf7 69. Rf3+ Ke7 70. Rg3 Kf7 71. Rg7+ Kf6 72. Rg8 Rxc3 73. Rf8+ Ke7 74. Rg8 Kf7 75. Rg1 Rf3 76. Ra1 Rg3 77. Ra7+ Kf8 78. Rg7 Rh3 79. Rg8+ Kf7 80. Rc8 Rg3 81. Rc7+ Kf8 82. Rc6 Kf7 83. Rc1 Rf3 84. Rg1 Rf2 85. Kh8 Kf8 86. Ra1 Kf7 87. Ra7+ Kg6 88. Ra6+ Kf7 89. h7 Rg2 90. Ra7+ Kf8 91. Ra8+ Kf7 92. Rg8 Rf2 93. Rg4 Rf3 94. Ra4 Rg3 95. Ra8 Rg2 96. Ra7+ Kf8 97. Rg7 Rxg7 1/2-1/2


[Site "https://www.chess.com"]

[Event "Titled Tuesday Blitz November 2 2021"]
[White "Potapova, Margarita"]
[Black "Siva Mahadevan"]
[WhiteFideId "14126869"]
[BlackFideId "25043153"]
[WhiteElo "2214"]
[BlackElo "2203"]
[Result "0-1"]
[Round "05"]
[TimeControl "180+1"]
[Date "2021.11.02"]
[WhiteClock "0:00:01"]
[BlackClock "0:01:42"]

1. d4 Nf6 2. c4 g6 3. Nc3 Bg7 4. e4 O-O 5. h3 d6 6. Be3 e5 7. d5 Na6 8. g4 Nc5 9. f3 h5 10. Qd2 Nh7 11. Nge2 a5 12. Nc1 h4 13. Rg1 Bf6 14. g5 Be7 15. Nd3 b6 16. O-O-O Bd7 17. f4 exf4 18. Bxf4 Re8 19. Nxc5 bxc5 20. Bd3 Bf8 21. e5 dxe5 22. Be3 e4 23. Nxe4 Bg7 24. Bxc5 Rb8 25. b3 a4 26. b4 a3 27. Rde1 Bf5 28. Rgf1 Bxe4 29. Bxe4 Nxg5 30. Bc2 Bh6 31. Kb1 Qd7 32. Qf2 Qxh3 33. Rd1 Qc3 34. Bb3 Bg7 35. Bd4 Bxd4 36. Qxd4 Qxd4 37. Rxd4 Rxb4 38. Rxh4 Re3 39. Kc2 Kg7 40. Rg4 Nf3 41. Rf4 Ne5 42. c5 Rxf4 43. Rxf4 g5 44. Rf5 f6 45. Rf1 g4 46. d6 cxd6 47. cxd6 Rd3 48. Rf5 Rxd6 49. Rf4 Kg6 50. Kc3 Kg5 51. Rf1 g3 52. Bc2 Rc6+ 53. Kd2 Nc4+ 54. Ke2 Re6+ 55. Kf3 Ne3 56. Re1 Nxc2 57. Rxe6 Nd4+ 58. Kxg3 Nxe6 0-1


[Site "https://www.chess.com"]

[Event "Titled Tuesday Blitz November 2 2021"]
[White "Pridorozhni, Aleksei"]
[Black "Rozman, Levy"]
[WhiteFideId "4127870"]
[BlackFideId "2039877"]
[WhiteElo "2565"]
[BlackElo "2376"]
[Result "0-1"]
[Round "05"]
[TimeControl "180+1"]
[Date "2021.11.02"]
[WhiteClock "0:00:43"]
[BlackClock "0:00:45"]

1. e4 c6 2. Nc3 d5 3. Qe2 dxe4 4. Nxe4 Nf6 5. Nxf6+ gxf6 6. b3 Qd4 7. c3 Qd5 8. Bb2 Na6 9. c4 Qf5 10. Nf3 e5 11. a3 Nc5 12. Qe3 Be6 13. Rc1 O-O-O 14. d4 e4 15. Nh4 Qh5 16. dxc5 Bh6 17. Qe2 Bd2+ 18. Qxd2 Rxd2 19. Kxd2 Rd8+ 20. Ke1 Qxh4 21. g3 Qg5 22. Rc2 e3 23. Bg2 Qf5 0-1


[Site "https://www.chess.com"]

[Event "Titled Tuesday Blitz November 2 2021"]
[White "Rychagov, Andrey"]
[Black "King, Alexander"]
[WhiteFideId "4119932"]
[BlackFideId "2063620"]
[WhiteElo "2500"]
[BlackElo "2306"]
[Result "1/2-1/2"]
[Round "05"]
[TimeControl "180+1"]
[Date "2021.11.02"]
[WhiteClock "0:00:18"]
[BlackClock "0:00:14"]

1. d4 d5 2. c4 e6 3. Nf3 Nf6 4. Nc3 Be7 5. Bf4 O-O 6. a3 b6 7. e3 Bb7 8. Rc1 c5 9. cxd5 Nxd5 10. Nxd5 Bxd5 11. Be2 Nd7 12. O-O Nf6 13. dxc5 Bxc5 14. b4 Bd6 15. Qd4 Bxf4 16. Qxf4 Rc8 17. Ba6 Rxc1 18. Rxc1 Qd7 19. b5 Bxf3 20. Qxf3 Qd2 21. Rd1 Qc3 22. h3 Qxa3 23. Qb7 Nd5 24. Qxa7 Nc3 25. Rf1 Nxb5 26. Qxb6 Nd6 27. Be2 Nf5 28. Bg4 Qd6 29. Rb1 Qxb6 30. Rxb6 Ne7 31. Rb7 Nd5 32. Bf3 Nf6 33. g4 h6 34. h4 g6 35. Kg2 Kg7 36. Kg3 Rd8 37. Be2 Rd7 38. Rxd7 Nxd7 39. Bf3 1/2-1/2


[Site "https://www.chess.com"]

[Event "Titled Tuesday Blitz November 2 2021"]
[White "Sanal, Vahap"]
[Black "Kadam, Om Manish"]
[WhiteFideId "6300545"]
[BlackFideId "45076294"]
[WhiteElo "2492"]
[BlackElo "1729"]
[Result "0-1"]
[Round "05"]
[TimeControl "180+1"]
[Date "2021.11.02"]
[WhiteClock "0:00:13"]
[BlackClock "0:00:30"]

1. e4 c6 2. Nf3 d5 3. d3 dxe4 4. dxe4 Qxd1+ 5. Kxd1 Bg4 6. Be2 Nd7 7. h3 Bxf3 8. Bxf3 Ngf6 9. Nd2 e5 10. c3 O-O-O 11. Kc2 Bc5 12. Rf1 Rhe8 13. a4 Nf8 14. b4 Bb6 15. Nc4 Bc7 16. Be3 Kb8 17. b5 Ne6 18. Rfb1 c5 19. a5 b6 20. axb6 axb6 21. Ra6 Kb7 22. Be2 Ra8 23. Rba1 Nd7 24. Rd1 Red8 25. Bg4 Rxa6 26. bxa6+ Kxa6 27. Bxe6 fxe6 28. Nd6 Bxd6 29. Rxd6 Kb7 30. Rxe6 Kc7 31. Re7 Rg8 32. Rf7 Kd6 33. Bg5 h6 34. Bh4 Ke6 35. Re7+ Kd6 36. Rf7 Ke6 37. Rf3 Nf6 38. Bxf6 gxf6 39. g3 Ra8 40. Kb2 Rd8 41. Kc2 c4 42. Rf5 Ra8 43. Kb2 Rd8 44. Kc2 Rd3 45. Kb2 Rd2+ 46. Ka3 Re2 47. Kb4 Rxe4 48. Rh5 Re2 49. Rxh6 Rxf2 50. Kxc4 Rd2 51. g4 Kf7 52. Rh7+ Kg6 53. Rb7 Rd6 54. h4 Kh6 55. Kb5 Re6 56. Ra7 e4 57. Kc4 e3 58. Kd3 e2 0-1


[Site "https://www.chess.com"]

[Event "Titled Tuesday Blitz November 2 2021"]
[White "Sorokin, Aleksey"]
[Black "Naroditsky, Daniel"]
[WhiteFideId "24176460"]
[BlackFideId "2026961"]
[WhiteElo "2476"]
[BlackElo "2608"]
[Result "0-1"]
[Round "05"]
[TimeControl "180+1"]
[Date "2021.11.02"]
[WhiteClock "0:00:05"]
[BlackClock "0:00:05"]

1. d4 Nf6 2. c4 g6 3. Nc3 Bg7 4. e4 d6 5. Nf3 O-O 6. Be2 e5 7. O-O exd4 8. Nxd4 Re8 9. f3 Nc6 10. Be3 Nh5 11. Qd2 Nxd4 12. Bxd4 Nf4 13. Rfd1 Bxd4+ 14. Qxd4 Nxe2+ 15. Nxe2 b6 16. Nc3 Bb7 17. Rac1 Qg5 18. Nd5 Bxd5 19. cxd5 Re7 20. Qd2 Qe5 21. Rc4 b5 22. Rd4 f5 23. Qd3 a6 24. a4 bxa4 25. Rxa4 Qxb2 26. exf5 Re2 27. Rg4 Rae8 28. h4 Qb6+ 29. Kh2 Qf2 30. fxg6 h5 31. Qf5 R8e7 32. Qxh5 Qxf3 33. Rg1 Qf2 34. Qg5 R2e5 35. Qf4 Qxf4+ 36. Rxf4 Kg7 37. Rgf1 Kxg6 38. Rd4 a5 39. Ra1 Re4 40. Rxe4 Rxe4 41. Rxa5 Rxh4+ 42. Kg3 Rc4 43. Kf3 Kf5 44. g4+ Rxg4 45. Ra8 Rc4 46. Re8 Rc5 47. Re7 Kf6 48. Rh7 Ke5 49. Rh5+ Kd4 50. Rh7 Kxd5 51. Ke3 Kc4 0-1


[Site "https://www.chess.com"]

[Event "Titled Tuesday Blitz November 2 2021"]
[White "Srebrnic, Marko"]
[Black "Wagner, Dennis"]
[WhiteFideId "14603616"]
[BlackFideId "24650684"]
[WhiteElo "2340"]
[BlackElo "2355"]
[Result "0-1"]
[Round "05"]
[TimeControl "180+1"]
[Date "2021.11.02"]
[WhiteClock "0:00:17"]
[BlackClock "0:01:16"]

1. e4 c5 2. Nf3 d6 3. d4 cxd4 4. Nxd4 Nf6 5. Nc3 a6 6. Bc4 e6 7. O-O b5 8. Bb3 Bb7 9. Re1 Nbd7 10. Bxe6 fxe6 11. Nxe6 Qe7 12. Nc7+ Kd8 13. Nxa8 Bxa8 14. Nd5 Nxd5 15. exd5 Qf7 16. Bg5+ Kc7 17. Qd2 Qxd5 18. Qa5+ Nb6 19. Bd8+ Kxd8 20. Qxb6+ Kd7 21. f3 Qc5+ 22. Qxc5 dxc5 23. a4 b4 24. Rad1+ Bd6 25. Re5 Kc7 26. Re6 Rd8 27. Kf1 a5 28. b3 Bb7 29. Ke1 Bc8 30. Re2 h5 31. g3 Bf5 32. Rdd2 Rf8 33. Rd5 g6 34. Red2 Rf6 35. Ke2 Bc8 36. f4 Bb7 37. R5d3 Ba6 38. Kf3 Bxd3 39. Rxd3 g5 0-1


[Site "https://www.chess.com"]

[Event "Titled Tuesday Blitz November 2 2021"]
[White "Sviridov, Valery"]
[Black "Skatchkov, Valery"]
[WhiteFideId "4120680"]
[BlackFideId "24195812"]
[WhiteElo "2454"]
[BlackElo "2195"]
[Result "1-0"]
[Round "05"]
[TimeControl "180+1"]
[Date "2021.11.02"]
[WhiteClock "0:01:25"]
[BlackClock "0:00:02"]

1. Nf3 Nf6 2. g3 e6 3. Bg2 d5 4. O-O Be7 5. d4 O-O 6. c4 a5 7. Qc2 c6 8. Rd1 b6 9. b3 Bb7 10. Nc3 Nbd7 11. e4 dxe4 12. Nxe4 c5 13. Nxf6+ Bxf6 14. Ng5 Bxg5 15. Bxb7 Ra7 16. dxc5 Bxc1 17. c6 Qf6 18. Raxc1 Nc5 19. Qe2 g6 20. Kg2 h5 21. Qf3 Qe7 22. Rc2 e5 23. Rcd2 e4 24. Qe3 Qe6 25. Rd6 Qe5 26. R1d5 Qe8 27. Rxc5 bxc5 28. Qxc5 Qb8 29. Rd7 Re8 30. Qd5 Rf8 31. Qxe4 a4 32. b4 a3 33. Qf4 1-0


[Site "https://www.chess.com"]

[Event "Titled Tuesday Blitz November 2 2021"]
[White "Sychev, Klementy"]
[Black "Nozdrachev, Leonid"]
[WhiteFideId "4114060"]
[BlackFideId "24113433"]
[WhiteElo "2615"]
[BlackElo "2124"]
[Result "1-0"]
[Round "05"]
[TimeControl "180+1"]
[Date "2021.11.02"]
[WhiteClock "0:00:49"]
[BlackClock "0:00:52"]

1. d4 Nf6 2. Nf3 e6 3. Bf4 Bd6 4. Bg3 O-O 5. Nbd2 Bxg3 6. hxg3 c5 7. e3 cxd4 8. exd4 d6 9. Bd3 e5 10. dxe5 dxe5 11. Qe2 Qa5 12. O-O-O Nc6 13. Ne4 Nxe4 14. Qxe4 g6 15. Qh4 h5 16. Qg5 e4 17. Qh6 exd3 18. Ng5 Qxg5+ 19. Qxg5 dxc2 20. Rd6 Bf5 21. g4 Bxg4 22. Rxg6+ fxg6 23. Qxg6+ Kh8 24. Qxg4 Rf7 25. Qxh5+ 1-0


[Site "https://www.chess.com"]

[Event "Titled Tuesday Blitz November 2 2021"]
[White "Tania, Sachdev"]
[Black "Postny, Evgeny"]
[WhiteFideId "5007844"]
[BlackFideId "2804344"]
[WhiteElo "2280"]
[BlackElo "2521"]
[Result "0-1"]
[Round "05"]
[TimeControl "180+1"]
[Date "2021.11.02"]
[WhiteClock "0:00:01"]
[BlackClock "0:00:01"]

1. d4 c5 2. d5 g6 3. Nc3 Bg7 4. Nf3 d6 5. h3 Nf6 6. e4 O-O 7. Be2 b6 8. O-O Ba6 9. Nd2 Nfd7 10. a4 Re8 11. Bb5 Bxb5 12. axb5 Qc8 13. Nc4 Qb7 14. f4 a6 15. Be3 Bxc3 16. bxa6 Rxa6 17. bxc3 b5 18. Nd2 Nf6 19. Qf3 Nbd7 20. c4 Rxa1 21. Rxa1 bxc4 22. Nxc4 Ra8 23. Rxa8+ Qxa8 24. Nd2 Qa1+ 25. Qf1 Qa4 26. Qd3 Qa1+ 27. Qf1 Qb2 28. Qd3 Qc1+ 29. Kh2 Qe1 30. Nf3 Qb4 31. e5 Ne4 32. exd6 Nxd6 33. Ne5 Nxe5 34. fxe5 Nc4 35. Bf4 Nb6 36. Bd2 Qc4 37. Qxc4 Nxc4 38. Bf4 Nb6 39. Be3 Nxd5 40. Bxc5 Kf8 41. c4 Nf4 42. Be3 Nd3 43. Bd4 Ke8 44. Kg3 Kd7 45. Kf3 Ke6 46. Ke4 Nb4 47. Bc5 Nc6 48. Bd4 Na5 49. Kd3 h5 50. Bc3 Nc6 51. Ke4 g5 52. g3 f5+ 53. exf6 exf6 54. Bb2 f5+ 55. Kd3 g4 56. hxg4 fxg4 57. Bc1 Kf5 58. Bh6 Ne5+ 59. Kd4 Nf3+ 60. Kd5 Nd2 61. c5 Ne4 62. c6 Nf6+ 63. Kd6 h4 0-1


[Site "https://www.chess.com"]

[Event "Titled Tuesday Blitz November 2 2021"]
[White "Tikhonov, Viacheslav"]
[Black "Gaehwiler, Gabriel"]
[WhiteFideId "44196407"]
[BlackFideId "1314530"]
[WhiteElo "1773"]
[BlackElo "2320"]
[Result "1/2-1/2"]
[Round "05"]
[TimeControl "180+1"]
[Date "2021.11.02"]
[WhiteClock "0:00:15"]
[BlackClock "0:00:13"]

1. Nf3 Nf6 2. c4 g6 3. b3 Bg7 4. Bb2 O-O 5. g3 d6 6. Bg2 e5 7. d3 a5 8. a3 Nc6 9. O-O Re8 10. Nbd2 e4 11. dxe4 Nxe4 12. Bxg7 Kxg7 13. Nxe4 Rxe4 14. e3 Re8 15. Qd2 Qf6 16. Nd4 Bd7 17. Nb5 Rac8 18. c5 Ne5 19. Qxa5 Ra8 20. Qb4 dxc5 21. Qxc5 b6 22. Qxc7 Bxb5 23. Bxa8 Rxa8 24. Rfc1 Bc6 25. f4 Nf3+ 26. Kf1 Nxh2+ 27. Kg1 Nf3+ 28. Kf1 Be4 29. Qc3 Rd8 30. Qxf6+ Kxf6 31. Rd1 Nd2+ 32. Ke1 Nf3+ 33. Kf2 Rc8 34. Rac1 Ra8 35. Rc4 Bb7 36. e4 Rxa3 37. Kxf3 Rxb3+ 38. Kf2 Rb2+ 39. Ke3 Rb3+ 40. Kd4 Rxg3 41. Rb4 Bc8 42. Rxb6+ Be6 43. Rf1 Rg4 44. f5 gxf5 45. Rxf5+ Kg7 46. Rh5 Kg6 47. Rh2 h5 48. Ke5 Rg5+ 49. Kf4 Rg4+ 50. Kf3 Kg5 51. Rb5+ Kg6 52. Rbxh5 Rg1 53. Rh6+ Kg7 54. Kf2 Rg4 55. Rh7+ Kf6 56. R7h4 Rg5 57. Rf4+ Ke7 58. Ke3 Ra5 59. Rd2 Ra3+ 60. Rd3 Ra1 61. Rc3 Re1+ 62. Kf3 Ra1 63. Rc7+ Kd6 64. Rc3 Ke5 65. Rc5+ Kd4 66. Rc7 Rf1+ 67. Kg3 Rg1+ 68. Kf2 Ra1 69. Rcxf7 Bxf7 70. Rxf7 Kxe4 71. Re7+ Kf4 72. Rf7+ Ke4 73. Re7+ Kf4 74. Rf7+ Ke4 1/2-1/2


[Site "https://www.chess.com"]

[Event "Titled Tuesday Blitz November 2 2021"]
[White "Timofeev, Artyom"]
[Black "Andreikin, Dmitry"]
[WhiteFideId "4140419"]
[BlackFideId "4158814"]
[WhiteElo "2591"]
[BlackElo "2736"]
[Result "1/2-1/2"]
[Round "05"]
[TimeControl "180+1"]
[Date "2021.11.02"]
[WhiteClock "0:00:30"]
[BlackClock "0:00:14"]

1. c4 g6 2. Nc3 Bg7 3. g3 e5 4. Bg2 Ne7 5. Nf3 c5 6. O-O Nbc6 7. Ne1 O-O 8. Nc2 d6 9. Ne3 Be6 10. Ned5 Qd7 11. a3 Bh3 12. Rb1 Bxg2 13. Kxg2 Nxd5 14. Nxd5 Ne7 15. Nxe7+ Qxe7 16. b4 b6 17. e4 f5 18. d3 f4 19. f3 g5 20. g4 h5 21. h3 Kf7 22. Bd2 Rh8 23. Rh1 Rh6 24. a4 Rah8 25. Qb3 Bf8 26. a5 Kg8 27. axb6 axb6 28. Rbg1 hxg4 29. hxg4 Qh7 30. Rxh6 Qxh6 31. Qd1 Qh2+ 32. Kf1 Rh3 33. Qe2 d5 34. exd5 cxb4 35. d4 e4 36. Qxe4 Qxd2 37. Qe6+ Kh8 38. Qe5+ Kh7 39. Qe4+ Kg7 40. Qe5+ Kg8 41. Qe6+ Kh8 42. Qe5+ Bg7 43. Qe8+ Kh7 44. Qe4+ Kh6 45. Qe6+ Kh7 46. Qe4+ Kg8 47. Qe8+ Bf8 48. Qe6+ 1/2-1/2


[Site "https://www.chess.com"]

[Event "Titled Tuesday Blitz November 2 2021"]
[White "Tsydypov, Zhamsaran"]
[Black "Perez Gormaz, Matias"]
[WhiteFideId "4108566"]
[BlackFideId "3406342"]
[WhiteElo "2649"]
[BlackElo "2352"]
[Result "1-0"]
[Round "05"]
[TimeControl "180+1"]
[Date "2021.11.02"]
[WhiteClock "0:01:19"]
[BlackClock "0:00:01"]

1. e4 c5 2. Nf3 d6 3. d4 cxd4 4. Nxd4 Nf6 5. Nc3 a6 6. h3 e5 7. Nde2 h5 8. Nd5 Nxd5 9. Qxd5 Nc6 10. Nc3 Be6 11. Qd1 Be7 12. Be2 h4 13. Be3 Bg5 14. Qd2 Bxe3 15. Qxe3 Qa5 16. O-O Qc5 17. Qg5 Nd4 18. Bg4 g6 19. Rfd1 Bxg4 20. Qxg4 Qc8 21. Qg5 Qd8 22. Qd2 Rc8 23. Rac1 Qb6 24. Nd5 Qd8 25. c3 Ne6 26. a4 Nc5 27. Qc2 Qg5 28. Nb6 Rd8 29. Nc4 O-O 30. Rxd6 Rxd6 31. Nxd6 Rd8 32. Rd1 Ne6 33. Qe2 Nf4 34. Qg4 Qe7 35. Nc4 Rxd1+ 36. Qxd1 1-0


[Site "https://www.chess.com"]

[Event "Titled Tuesday Blitz November 2 2021"]
[White "Urazayev, Arystanbek"]
[Black "Erdogdu, Mert"]
[WhiteFideId "13709810"]
[BlackFideId "6301495"]
[WhiteElo "2321"]
[BlackElo "2485"]
[Result "1-0"]
[Round "05"]
[TimeControl "180+1"]
[Date "2021.11.02"]
[WhiteClock "0:01:04"]
[BlackClock "0:00:04"]

1. e4 c5 2. Nf3 d6 3. d4 cxd4 4. Nxd4 Nf6 5. Nc3 a6 6. Rg1 e5 7. Nb3 h5 8. h3 Be6 9. g4 hxg4 10. hxg4 Be7 11. g5 Nfd7 12. g6 Nf6 13. gxf7+ Kxf7 14. Bg5 Nbd7 15. Qd2 Rc8 16. f3 b5 17. Qg2 Nh5 18. Bxe7 Qxe7 19. O-O-O Ndf6 20. Nd5 Nxd5 21. exd5 Bf5 22. Bd3 Qf6 23. Bxf5 Qxf5 24. Na5 Rh7 25. Nc6 Nf4 26. Qd2 Re8 27. Kb1 Kg8 28. Qb4 Qd7 29. Qe4 Rh6 30. Rg4 Kh8 31. Rdg1 Nh5 32. Rg6 1-0


[Site "https://www.chess.com"]

[Event "Titled Tuesday Blitz November 2 2021"]
[White "Zhalmakhanov, Ramazan"]
[Black "Le, Tuan Minh"]
[WhiteFideId "13706357"]
[BlackFideId "12401153"]
[WhiteElo "2531"]
[BlackElo "2450"]
[Result "0-1"]
[Round "05"]
[TimeControl "180+1"]
[Date "2021.11.02"]
[WhiteClock "0:00:01"]
[BlackClock "0:00:11"]

1. e4 c5 2. Nc3 Nc6 3. g3 g6 4. Bg2 Bg7 5. d3 e6 6. Nge2 Nge7 7. O-O O-O 8. Bg5 d6 9. Qd2 Rb8 10. Bh6 b5 11. Nd1 b4 12. Bxg7 Kxg7 13. Ne3 Qc7 14. a3 bxa3 15. Rxa3 e5 16. b3 Be6 17. f4 f6 18. Nc3 Rb7 19. h4 Qb6 20. Kh2 Nd4 21. Bh3 Bxh3 22. Kxh3 Qd8 23. Kg2 exf4 24. Rxf4 f5 25. Ncd5 Qe8 26. Ra6 Nxd5 27. Nxd5 Qe5 28. Qa5 Rff7 29. Qd2 Ne6 30. Rf2 fxe4 31. Rxf7+ Rxf7 32. Ne3 h5 33. Nc4 Qf5 34. dxe4 Qf1+ 0-1


[Site "https://www.chess.com"]

[Event "Titled Tuesday Blitz November 2 2021"]
[White "Zierk, Steven"]
[Black "Djordjevic, Vuk"]
[WhiteFideId "2034255"]
[BlackFideId "902098"]
[WhiteElo "2494"]
[BlackElo "2463"]
[Result "1-0"]
[Round "05"]
[TimeControl "180+1"]
[Date "2021.11.02"]
[WhiteClock "0:01:14"]
[BlackClock "0:00:17"]

1. e4 e6 2. d4 d5 3. Nc3 Bb4 4. Ne2 dxe4 5. a3 Bxc3+ 6. Nxc3 Nc6 7. Bf4 Nge7 8. Nxe4 Nxd4 9. c3 Ndc6 10. Qxd8+ Nxd8 11. Bxc7 Nd5 12. Bd6 f5 13. Ng5 Nf7 14. Bb5+ Bd7 15. Bxd7+ Kxd7 16. Nxf7 Rhe8 17. O-O-O b5 18. h4 a6 19. h5 Rec8 20. h6 Rg8 21. Bg3 g5 22. Be5 Kc6 23. Rhe1 Raf8 24. Nd6 Rd8 25. c4 bxc4 26. Nxc4 g4 27. Kb1 Rd7 28. Bh2 Rb7 29. Rxe6+ Kc5 30. Rc1 1-0


[Site "https://www.chess.com"]